 Dungeon Crawl Stone Soup version 0.24.0-125-gc4c63601f3 (webtiles) character file.

Game seed: 18415854176292059300, levelgen mode: deterministic

48 Frank2 the Cudgeler (level 3, -4/27 HPs)
             Began as a Demonspawn Gladiator on Mar 12, 2020.
             Slain by a gnoll
             ... wielding a +0 whip
              (5 damage)
             ... on level 2 of the Dungeon.
             The game lasted 00:01:20 (1607 turns).

Frank2 the Cudgeler (Demonspawn Gladiator)          Turns: 1607, Time: 00:01:21

Health: -4/27      AC:  6    Str: 14    XL:     3   Next: 50%
Magic:  3/3        EV: 12    Int:  9    God:
Gold:   114        SH:  0    Dex: 15    Spells: 2/2 levels left

rFire    . . .     SeeInvis .   a - +0 flail
rCold    . . .     Gourm    .   (no shield)
rNeg     . . .     Faith    .   j - +0 ring mail {rPois}
rPois    +         Spirit   .   c - +0 helmet
rElec    .         Reflect  .   (no cloak)
rCorr    .         Harm     .   (no gloves)
MR       .....                  (no boots)
Stlth    ++........             (no amulet)
HPRegen  0.09/turn              g - ring of stealth
MPRegen  0.08/turn              (no ring)

@: no status effects
A: rot immunity
a: no special abilities


You were on level 2 of the Dungeon.
You were not hungry.

You visited 1 branch of the dungeon, and saw 2 of its levels.

You collected 114 gold pieces.

Inventory:

Hand Weapons
 a - a +0 flail (weapon)
Armour
 c - a +0 helmet (worn)
 j - a +0 ring mail of poison resistance (worn)
Jewellery
 e - an uncursed ring of wizardry {unknown}
 g - a ring of stealth (left hand)
Scrolls
 h - 3 scrolls of remove curse {unknown}
 k - a scroll of magic mapping {unknown}
Potions
 b - a potion of agility {unknown}
 i - a potion of ambrosia {unknown}
Comestibles
 f - 2 rations


   Skills:
 + Level 2.2 Fighting
 + Level 3.5 Maces & Flails
 + Level 1.7 Throwing
 + Level 0.6 Armour
 + Level 3.1 Dodging
 + Level 0.2 Stealth


You had 2 spell levels left.
You didn't know any spells.
Your spell library was empty.

Dungeon Overview and Level Annotations

Branches:
Dungeon (2/15)

Altars:


Innate Abilities, Weirdness & Mutations

You are immune to rotting.


Message History

The throwing net hits the hobgoblin.
The hobgoblin is caught in the net!
The gnoll hits you with a +0 whip.
* * * LOW HITPOINT WARNING * * *
You hit the gnoll.
The gnoll is severely wounded.
The hobgoblin struggles against the net.
The gnoll barely misses you.
The hobgoblin struggles against the net.
Throwing (i - inventory)
d - a throwing net (quivered)
Press: ? - help, Shift-Dir - straight line, f/p - gnoll
Aim: a gnoll, wielding a +0 whip (severely wounded)
You throw a throwing net.
The throwing net closely misses the gnoll.
The throwing net hits the hobgoblin.
The gnoll hits you with a +0 whip.
* * * LOW HITPOINT WARNING * * *
The hobgoblin struggles against the net.
You completely miss the gnoll.
The gnoll is severely wounded.
The gnoll hits you with a +0 whip.
You die...

#.## # ######.#. ##.
.......... #..
#.####...# #.# .###...
#.# ....... #g# ######
#g# #####. # #@# #.....
#.. #.# ####.####
#....#.########........
#..?...............####
#....#..#######.#### #
#....##.. ##.# ####
#### ##.# ##..# #... .#
#..## #...
.####.######...


You could see a gnoll and a hobgoblin (caught).

Vanquished Creatures
  An adder (D:2)
  A gnoll (D:2)
  A worm (D:1)
  A leopard gecko (D:2)
  3 bats (D:1)
  A giant cockroach (D:1)
  4 goblins (D:1)
  A hobgoblin (D:1)
  6 kobolds
  2 quokkas (D:2)
  2 frilled lizards
  4 rats
27 creatures vanquished.

Notes
Turn   | Place    | Note
-------+----------+-------------------------------------------
     0 | D:1      | Frank2 the Demonspawn Gladiator began the quest for the
                  | Orb.
     0 | D:1      | Reached XP level 1. HP: 16/16 MP: 1/1
   388 | D:1      | Gained mutation: You are immune to rotting. [demonic
                  | ancestry]
   388 | D:1      | Reached XP level 2. HP: 22/22 MP: 2/2
  1295 | D:2      | Reached XP level 3. HP: 12/27 MP: 3/3
  1606 | D:2      | HP: 1/27 [gnoll/+0 whip (2)]
  1607 | D:2      | Slain by a gnoll

Levels and vault maps discovered:
D:1:      evilmike_arrival_run_for_it, layout_basic
D:2:      layout_rooms, first_ration, uniq_terence

Skill      XL: |  1  2  3 |
---------------+----------+-----
Maces & Flails | 3 |  3.5
Dodging        | 3 |  3.1
Fighting       | |  2.2
Throwing       | |  1.7
Armour         | |  0.6
Stealth        | |  0.2

Action                   || total
-------------------------++-------
Melee: Flail             ||   108
Throw: Throwing net      ||     4
  Use: Scroll            ||     1
 Stab: Held in net/web   ||     1
       Sleeping          ||     1
  Eat: Chunk             ||     2
Armor: Leather armour    ||    24
       Ring mail         ||    34
Dodge: Dodged            ||    83
